 Dungeon Crawl Stone Soup version 0.30-a0-948-g4fa250aae5 (webtiles) character file.

Game seed: 7232815862946573802

28634 Monkooky the Lord of Darkness (level 13, -11/95 HPs)
             Began as a Mummy Artificer on Mar 27, 2023.
             Was the Champion of Kikubaaqudgha.
             Mangled by a sun demon (14 damage)
             ... summoned by an obsidian statue
             ... in a Gauntlet.
             The game lasted 01:05:51 (14410 turns).

Monkooky the Lord of Darkness (Mummy Artificer)    Turns: 14410, Time: 01:05:52

Health: -11/95     AC: 18    Str: 15    XL:     13   Next: 10%
Magic:  24/28      EV: 14    Int: 14    God:    Kikubaaqudgha [******]
Gold:   497        SH:  0    Dex: 20    Spells: 10/34 levels left

rFire   . . .      SeeInvis .    y - staff of death
rCold   + . .      Faith    +    (no shield)
rNeg    + + +      Spirit   .    T - +0 ring mail {rF+}
rPois   ∞          Reflect  .    K - +1 helmet
rElec   .          Rampage  .    D - +2 cloak {rCorr}
rCorr   +          NoTele   +    B - +2 pair of gloves
Will    +....                    E - +2 pair of boots
Stlth   +                        p - amulet of regeneration
HPRegen 1.15/turn                G - +6 ring of dexterity
MPRegen 0.21/turn                q - ring of flight

@: spiked, animating dead, flying
A: cold resistance 1, negative energy resistance 3, torment resistance 2, heat
vulnerability 1, in touch with death 2, no potions, faith
a: Renounce Religion, Unearth Wretches, Torment, Brand Weapon With Pain, Receive
Forbidden Knowledge


You were in a Gauntlet.
You worshipped Kikubaaqudgha.
Kikubaaqudgha was exalted by your worship.
You visited 2 branches of the dungeon, and saw 14 of its levels.
You also visited: Bailey and Gauntlet.

You collected 707 gold pieces.
You spent 210 gold pieces at shops.

Inventory:

Hand Weapons
 a - a +0 club
 g - a +0 short sword
 i - a +0 whip
 k - a +0 dagger
 w - a +1 quarterstaff
 C - a +0 spear of pain
 N - the +6 flail of Imbalance {freeze, Contam rF++}
   (You found it on level 1 of the Lair of Beasts)

   rF:        It greatly protects you from fire.
   Contam:    It causes magical contamination when unequipped.
Missiles
 j - 5 atropa-tipped darts
 L - 4 silver javelins
 R - a throwing net
Armour
 b - a +1 leather armour
 u - a +0 robe
 B - a +2 pair of gloves (worn)
 D - a +2 cloak of preservation (worn)
 E - a +2 pair of boots (worn)
 K - a +1 helmet (worn)
 T - a +0 ring mail of fire resistance (worn)
Magical Staves
 y - a staff of death (weapon)
 S - a staff of conjuration
Jewellery
 p - an amulet of regeneration (around neck)
 q - a ring of flight (right hand)
 x - an amulet of reflection
 G - a +6 ring of dexterity (left hand)
 H - a ring of ice
 M - a ring of ice
 U - a ring of willpower
Wands
 c - a wand of flame (18)
 d - a wand of charming (6)
 o - a wand of quicksilver (21)
 P - a wand of polymorph (4)
Scrolls
 f - 3 scrolls of poison
 h - 2 scrolls of blinking
 l - a scroll of fear
 m - 6 scrolls of enchant weapon
 n - a scroll of torment
 r - 2 scrolls of magic mapping
 s - 10 scrolls of teleportation
 t - a scroll of silence
 v - 3 scrolls of noise
 z - 2 scrolls of immolation
 A - 7 scrolls of fog
 F - 3 scrolls of amnesia
 J - 2 scrolls of identify
 Q - a scroll of vulnerability
Miscellaneous
 I - a phantom mirror
 O - a phial of floods (inert)


   Skills:
 - Level 6.8 Fighting
 - Level 7.1 Staves
 - Level 5.4 Armour
 - Level 5.2 Dodging
 - Level 0.7 Stealth
 + Level 11.0 Spellcasting
 * Level 12.9 Necromancy
 - Level 7.0 Evocations


You had 10 spell levels left.
You knew the following spells:

 Your Spells              Type           Power      Damage    Failure   Level
a - Vampiric Draining     Necr           99%        2d13      1%          3
b - Dispel Undead         Necr           99%        3d31      1%          4
c - Animate Dead          Necr           99%        N/A       1%          4
d - Agony                 Necr           99%        N/A       2%          5
e - Death Channel         Necr           49%        N/A       13%         6
f - Passwall              Tmut/Erth      5%         N/A       26%         2

Your spell library contained the following spells:

 Spells                   Type           Power      Damage    Failure   Level
 Kiss of Death            Conj/Necr      100%       2d13      1%          1
 Necrotise                Necr           100%       1d9       1%          1
 Sandblast                Erth           14%        2d6       17%         1
 Shock                    Conj/Air       28%        1d4       17%         1
 Slow                     Hex            28%        N/A       17%         1
 Blink                    Tloc           14%        N/A       26%         2
 Lesser Beckoning         Tloc           14%        N/A       26%         2
 Momentum Strike          Conj/Tloc      14%        3d8       26%         2
 Static Discharge         Conj/Air       14%        2-3/arc   26%         2
 Confusing Touch          Hex            7%         N/A       45%         3
 Gell's Gravitas          Tloc           7%         N/A       45%         3
 Ignite Poison            Fire/Tmut/Pois 7%         N/A       45%         3
 Kindle Blastsparks       Fire/Tloc/Air  14%        2d11      45%         3
 Stone Arrow              Conj/Erth      14%        3d7       45%         3
 Swiftness                Air            7%         N/A       45%         3
 Teleport Other           Tloc           7%         N/A       45%         3
 Vhi's Electric Charge    Tloc/Air       14%        N/A       45%         3
 Airstrike                Air            3%         2d(1-17)  86%         4
 Summon Ice Beast         Ice/Summ       7%         N/A       86%         4
 Simulacrum               Ice/Necr       36%        N/A       88%         6
 Arcjolt                  Conj/Air       3%         1d13      99%         5
 Freezing Cloud           Conj/Ice/Air   3%         6-21      99%         5
 Iskenderun's Battlesphe  Conj           7%         2d6       99%         5
 Plasma Beam              Fire/Air       3%         2x1d15    99%         5
 Summon Mana Viper        Hex/Summ       7%         N/A       99%         5
 Iron Shot                Conj/Erth      3%         9d2       100%        6
 Monstrous Menagerie      Summ           3%         N/A       100%        7
 Spellforged Servitor     Conj/Summ      3%         N/A       100%        7


Dungeon Overview and Level Annotations

Branches:
Dungeon (10/15)            Temple (0/1) D:5            Lair (4/5) D:10
  Swamp (0/4) Lair:3       Spider (0/4) Lair:3       Bailey (visited)
Gauntlet (1/1)
  Slime: Lair:4-5       Orc: D:9-12

Altars:
Cheibriados
Dithmenos
Gozag
Kikubaaqudgha
Okawaru
Sif Muna
Uskayaw
Yredelemnul

Shops:
D:5 (   D:6 [

Annotations:
D:2 Sigmund
D:7 1 runed translucent door, pokeman's ghost, novice DEHW Gauntlet 10 transporters, 3 runed translucent doors, exclusions: obsidian statue and oklob plant


Innate Abilities, Weirdness & Mutations

You are immune to poison.
Your flesh is cold resistant. (rC+)
You are immune to negative energy. (rN+++)
You are immune to unholy pain and torment.
You are vulnerable to heat. (rF-)
You are strongly in touch with the powers of death.
You do not drink.
You have a special connection with the divine. (Faith)


Message History

Aim: a sun demon (summoned)
Okay, then.
Unknown command.
Aiming: Iceblast
Press: ? - help, Shift-Dir - straight line
Okay, then.
Okay, then.
Unknown command.
Aiming: Iceblast
Press: ? - help, Shift-Dir - straight line The mass of ice explodes!
The iceblast engulfs the sun demon!
The sun demon is frozen!
The sun demon is lightly wounded.
The sun demon hits you but does no damage.
Your acid dragon zombie barely misses the sun demon.
Your acid dragon zombie closely misses the sun demon.
The crimson imp hits you.
* * * LOW HITPOINT WARNING * * *
The crimson imp grinds its teeth.
Unknown command.
Aiming: Iceblast
Press: ? - help, Shift-Dir - straight line The mass of ice explodes!
The iceblast engulfs the sun demon!
The sun demon is frozen!
The sun demon is moderately wounded.
The red devil stops burning.
The sun demon closely misses you.
The crimson imp blinks!
Aiming: Iceblast
Press: ? - help, Shift-Dir - straight line The mass of ice explodes!
The iceblast engulfs the sun demon!!
The sun demon is frozen!
The sun demon is severely wounded.
The iceblast engulfs the crimson imp!!
The crimson imp is frozen!
You kill the crimson imp!
The crimson imp disappears in a puff of smoke!
The now-empty wand crumbles to dust.
The sun demon hits you!
* * * LOW HITPOINT WARNING * * *
You are engulfed in flames!
You die...
Kikubaaqudgha rasps: "You have failed me!
Welcome... oblivion!"

..#..#..##≈##..#..#.#+###2#..##
#!#..#.........#..#....4.4#..≈# #
###..#.........#..#########..###.
..#..###########..#..........##..
###..#.........#..#########..#...
.?#..#.##...##.#..#.......#..#...
#[#..#.#.#.#.#.#..#..#.#.=#.8#.©.
#©#..#..##.##.4#..#..#.#.?#..#...
###©©#..#.©.#84#@Z#J.#©#.©#.∩#.©.
.h#..#..##.##.5#.3#..#.#..#..#...
#h#..#.#.#.#.#$#..#..#.#.)#.8#.©.
+.#..#.##...##.#.§#......J#..#...
###..#.........#..#########..#...
..#..###########..#..........##..
###..#..§......#..#########..###.
..#..#.........#..#t.##...#..≈# #
#.#..#..##≈##..#..#.#...###..##


You could see an obsidian statue, a ghost crab, a sun demon (summoned, ally
target), a quicksilver ooze, a hellwing (summoned), an ice devil (wandering), a
red devil (summoned), a crimson imp (summoned) and a friendly acid dragon
zombie.

Vanquished Creatures
  A hydra (Lair:3)
  4 death yaks (Lair:4)
  2 elephants (Lair:2)
  2 black mambas
  An eye of devastation (Lair:4)
  3 cane toads
  A rime drake (Lair:3)
  5 komodo dragons
  A polar bear (Lair:3)
  A blink frog (Lair:1)
  7 dream sheep
  7 yaks
  A steam dragon (Lair:3)
  A basilisk (Lair:2)
  A swamp worm (Lair:3)
  An acid dragon (Gauntlet)
  3 water moccasins
  A cane toad zombie (Lair:4)
  3 orc warriors
  A black bear (D:5)
  An ice beast (D:3)
  5 wolves
  3 centaurs
  3 phantoms
  5 bullfrogs
  2 kobold brigands
  2 water moccasin zombies (Lair:4)
  11 killer bees
  A howler monkey (D:10)
  3 jellies
  A gnoll bouda (D:8)
  4 orc priests
  5 hounds
  A sleepcap (D:5)
  6 iguanas
  4 orc wizards
  26 gnolls
  10 adders
  2 ufetubi
  2 worms (D:4)
  5 dart slugs
  33 orcs
  5 bats
  9 endoplasms
  3 giant cockroaches
  4 goblins
  6 hobgoblins
  20 kobolds
  4 quokkas
  13 ball pythons
  4 frilled lizards
  7 rats
257 creatures vanquished.

Vanquished Creatures (collateral kills)
  A hydra (Lair:3)
  A death yak (Lair:4)
  Urug (Lair:1)
  An orb spider (Lair:3)
  A lindwurm (Lair:3)
  4 elephants (Lair:2)
  3 black mambas
  7 cane toads
  A torpor snail (Lair:1)
  2 komodo dragons
  A gargoyle (D:9)
  7 dream sheep
  23 yaks
  3 basilisks (Lair:1)
  A swamp worm (Lair:3)
  An acid dragon (D:10)
  7 water moccasins
  9 wolves
  A centaur (D:10)
  3 bullfrogs
  A gnoll sergeant (D:9)
  7 killer bees (D:9)
  3 howler monkeys
  An orc priest (D:9)
  A gnoll bouda (D:8)
  3 orc wizards
  6 gnolls
  9 orcs
  An endoplasm (D:4)
  A giant cockroach (D:4)
  A rat (D:3)
  A butterfly (Lair:4)
113 creatures vanquished.

Vanquished Creatures (others)
  A cane toad zombie (Lair:1)
  A lindwurm zombie (Lair:3)
  A dream sheep zombie (Lair:2)
  2 komodo dragon zombies (Lair:2)
  A water moccasin zombie (D:9)
  3 yak zombies
  A polar bear zombie (Lair:3)
  5 wolf zombies (Lair:1)
  9 killer bee zombies (D:9)
  A howler monkey zombie (D:9)
  An ufetubus (D:4)
  2 orcs
  A kobold (D:7)
  3 gnoll zombies (Bailey)
  14 orc zombies
  25 fungi
  30 plants
101 creatures vanquished.

Grand Total: 471 creatures vanquished

Notes
Turn   | Place    | Note
-------+----------+-------------------------------------------
     0 | D:1      | Monkooky the Mummy Artificer began the quest for the Orb.
     0 | D:1      | Reached XP level 1. HP: 15/15 MP: 1/1
   255 | D:1      | Reached XP level 2. HP: 21/22 MP: 2/2
   505 | D:1      | Found a faded altar of an unknown god.
   526 | D:1      | Prayed at the altar of an unknown god.
   526 | D:1      | Became a worshipper of Kikubaaqudgha
   526 | D:1      | Reached * piety under Kikubaaqudgha
   526 | D:1      | Received a gift from Kikubaaqudgha
   733 | D:1      | Gained mutation: You are in touch with the powers of death.
                  | [Mummy growth]
   733 | D:1      | Reached XP level 3. HP: 20/28 MP: 4/4
   737 | D:1      | Learned a level 3 spell: Vampiric Draining
   884 | D:1      | Reached skill level 1 in Spellcasting
  1371 | D:2      | Reached skill level 1 in Necromancy
  1441 | D:2      | Noticed Sigmund
  1530 | D:2      | Reached ** piety under Kikubaaqudgha
  1727 | D:2      | Found a basalt altar of Yredelemnul.
  1842 | D:2      | Reached XP level 4. HP: 26/34 MP: 6/6
  2147 | D:3      | Reached skill level 2 in Necromancy
  2176 | D:3      | Reached skill level 3 in Necromancy
  2176 | D:3      | Reached XP level 5. HP: 18/39 MP: 7/9
  2808 | D:3      | Noticed an ice beast
  2822 | D:3      | Killed an ice beast
  2823 | D:3      | Reached skill level 4 in Necromancy
  3107 | D:3      | Reached XP level 6. HP: 26/46 MP: 11/11
  3214 | D:4      | Learned a level 4 spell: Animate Dead
  3660 | D:4      | Reached *** piety under Kikubaaqudgha
  3660 | D:4      | Received a gift from Kikubaaqudgha
  3666 | D:4      | Learned a level 4 spell: Dispel Undead
  4027 | D:4      | Reached skill level 5 in Necromancy
  4284 | D:4      | Found a snail-covered altar of Cheibriados.
  4488 | D:4      | Reached XP level 7. HP: 48/51 MP: 3/13
  4631 | D:5      | Entered Level 5 of the Dungeon
  4631 | D:5      | You fall into a shaft and drop 1 floor!
  4640 | D:6      | Found Odigahul's Antique Armour Shop.
  4838 | D:5      | Reached skill level 5 in Spellcasting
  4838 | D:5      | Reached skill level 6 in Necromancy
  4909 | D:5      | Found a staircase to the Ecumenical Temple.
  5091 | D:5      | Found Zomavap's Antique Weapon Boutique.
  5357 | D:5      | Reached skill level 7 in Necromancy
  5357 | D:5      | Reached XP level 8. HP: 52/57 MP: 12/16
  6010 | D:6      | Bought a runed cloak for 210 gold pieces
  6291 | D:6      | Reached **** piety under Kikubaaqudgha
  6351 | D:6      | Reached skill level 8 in Necromancy
  6811 | D:7      | Learned a level 5 spell: Agony
  6930 | D:7      | Found an opulent altar of Gozag.
  6930 | D:7      | Found an iron altar of Okawaru.
  6937 | D:7      | Found a faded altar of an unknown god.
  6939 | D:7      | Found a shadowy altar of Dithmenos.
  7318 | D:7      | Found a runed translucent door.
  7319 | D:7      | Noticed pokeman's ghost (novice DEHW)
  7563 | D:8      | Noticed a +0 hand axe
  7563 | D:8      | Noticed a +0 dagger
  7565 | D:8      | Found a hide-covered altar of Uskayaw.
  7786 | D:8      | Reached skill level 9 in Necromancy
  7984 | D:8      | Reached XP level 9. HP: 57/62 MP: 2/20
  8243 | D:8      | Learned a level 6 spell: Death Channel
  8314 | D:8      | Reached ***** piety under Kikubaaqudgha
  8737 | D:9      | Reached skill level 10 in Necromancy
  8738 | D:9      | Noticed a gargoyle
  8751 | D:9      | Killed a gargoyle
  8828 | D:9      | Reached skill level 11 in Necromancy
  9099 | D:9      | Found a flagged portal.
  9108 | Bailey   | Entered a bailey
  9282 | Bailey   | Reached XP level 10. HP: 44/68 MP: 2/23
  9791 | D:10     | Entered Level 10 of the Dungeon
  9847 | D:10     | Found a shimmering blue altar of Sif Muna.
  9868 | D:10     | Found a staircase to the Lair.
  9925 | D:10     | Reached skill level 1 in Staves
 10141 | D:10     | Reached ****** piety under Kikubaaqudgha
 10172 | D:10     | Reached skill level 5 in Staves
 10667 | Lair:1   | Entered Level 1 of the Lair of Beasts
 10679 | Lair:1   | Noticed a black mamba
 10719 | Lair:1   | Killed a black mamba
 10727 | Lair:1   | Noticed Urug
 10735 | Lair:1   | Killed Urug
 10895 | Lair:1   | Noticed a cane toad
 10896 | Lair:1   | Noticed a cane toad
 10907 | Lair:1   | Reached skill level 5 in Evocations
 10922 | Lair:1   | Killed a cane toad
 10923 | Lair:1   | Reached XP level 11. HP: 37/74 MP: 2/24
 11169 | Lair:1   | Reached skill level 1 in Dodging
 11232 | Lair:1   | Identified the +0 robe "Hicriyc" {-Tele Harm rPois MP+9}
 11235 | Lair:1   | Identified the +6 flail of Imbalance {freeze, Contam rF++}
 11567 | Lair:2   | Reached skill level 5 in Fighting
 11822 | Lair:2   | Reached XP level 12. HP: 74/86 MP: 3/25
 12111 | Lair:2   | Reached skill level 5 in Armour
 12416 | Lair:2   | Reached skill level 5 in Dodging
 13082 | Lair:3   | Noticed a six-headed hydra
 13089 | Lair:3   | Killed a six-headed hydra
 13218 | Lair:3   | Found a hole to the Spider Nest.
 13289 | Lair:3   | Learned a level 2 spell: Passwall
 13318 | Lair:3   | Reached skill level 10 in Spellcasting
 13462 | Lair:3   | Reached skill level 12 in Necromancy
 13560 | Lair:3   | Noticed a four-headed hydra
 13567 | Lair:3   | Killed a four-headed hydra
 13660 | Lair:3   | Found a staircase to the Swamp.
 13990 | Lair:4   | Noticed a death yak
 13990 | Lair:4   | Noticed a death yak
 13991 | Lair:4   | Noticed a death yak
 13992 | Lair:4   | Noticed a death yak
 13992 | Lair:4   | Noticed a death yak
 14006 | Lair:4   | Killed a death yak
 14010 | Lair:4   | Killed a death yak
 14015 | Lair:4   | Killed a death yak
 14015 | Lair:4   | Killed a death yak
 14016 | Lair:4   | Gained mutation: You are strongly in touch with the powers
                  | of death. [Mummy growth]
 14016 | Lair:4   | Reached XP level 13. HP: 52/95 MP: 9/27
 14153 | Lair:4   | Found a gate leading to a gauntlet.
 14162 | Gauntlet | Entered a Gauntlet
 14162 | Gauntlet | Found a transporter.
 14162 | Gauntlet | Found a transporter.
 14193 | Gauntlet | Found a transporter.
 14210 | Gauntlet | Found a transporter.
 14211 | Gauntlet | Found a transporter.
 14211 | Gauntlet | Found a transporter.
 14214 | Gauntlet | Found a transporter.
 14214 | Gauntlet | Found a transporter.
 14215 | Gauntlet | Noticed a blizzard demon
 14222 | Gauntlet | Found a runed translucent door.
 14222 | Gauntlet | Found a runed translucent door.
 14226 | Gauntlet | Found a transporter.
 14244 | Gauntlet | Found a transporter.
 14244 | Gauntlet | Noticed a quicksilver ooze
 14254 | Gauntlet | Found a transporter.
 14271 | Gauntlet | Found a transporter.
 14291 | Gauntlet | Found a transporter.
 14292 | Gauntlet | Found a runed translucent door.
 14307 | Gauntlet | Found a transporter.
 14410 | Gauntlet | HP: 3/95 [sun demon[an obsidian statue] (17)]
 14410 | Gauntlet | Mangled by a sun demon

Illustrated notes

Levels and vault maps discovered:
D:1:      dpeg_arrival_concentric_ovals, layout_basic,
          hellmonk_ecumenical_altar_lost_god, st_stairs_1,
          minmay_misc_feat_nine_boxes
D:2:      layout_loops_ring, basic_altar, chequers_serial_rivers_room_a,
          uniq_sigmund
D:3:      layout_loops_ring
D:4:      minmay_opposing_rooms, layout_rooms, kennysheep_little_box,
          amcnicky_mini_pool_small
D:5:      layout_loops_ring, minmay_temple_entry_wispy, serial_shops,
          nicolae_shop_overgrown_old_shop
D:6:      layout_basic, serial_shops, nicolae_shop_trees
D:7:      layout_basic, elyvilon_altar_3, chequers_temple_overflow_minitemple,
          ebering_ghost_reflecting_pool
D:8:      layout_loops_ring, dancing_weapons_uskayaw
D:9:      layout_rooms, enter_bailey_2
D:10:     layout_loops_cross, mainiacjoe_overflow_surrounded_room,
          lair_entry_dummy
Lair:1:   layout_cellular_growth, lemuel_fruit_tree, uniq_urug
Lair:2:   layout_gridlike
Lair:3:   layout_cellular_growth, palyth_hydra_swamp_entry,
          nicolae_spider_entry_orb_guardian
Lair:4:   layout_gridlike, gauntlet_entry_generic, grunt_megastairs_1,
          lemuel_fruit_fields
Gauntlet: gammafunk_gauntlet_mixed_choke_point [minmay_gauntlet_arena_77_fan,
          minmay_gauntlet_arena_77_path, minmay_gauntlet_arena_77_mirror,
          gammafunk_gauntlet_arena_corners, minmay_gauntlet_arena_77_shame_cube,
          minmay_gauntlet_arena_77_chump_sandwich,
          minmay_gauntlet_arena_77_squiggly, gauntlet_exit_watery]

Skill      XL: |  1  2  3  4  5  6  7  8  9 10 11 12 13 |
---------------+----------------------------------------+-----
Fighting       | 2 5 6 |  6.8
Spellcasting   | 1 2 3 4 5 7 9 10 11 | 11.0
Necromancy     | 1 3 4 5 7 9 11 12 | 12.9
Staves         | 5 7 |  7.1
Evocations     | 5 7 |  7.0
Dodging        | 4 5 |  5.2
Armour         | 4 5 |  5.4
Stealth        | |  0.7

Action                     |  1- 3 |  4- 6 |  7- 9 | 10-12 | 13-15 || total
---------------------------+-------+-------+-------+-------+-------++-------
  Melee: Whip              |   168 |   128 |       |       |       ||   296
         Short sword       |    10 |       |       |       |       ||    10
         Club              |     3 |       |       |       |       ||     3
         Punch             |     2 |     4 |     7 |     2 |     2 ||    17
         Staff             |       |    51 |   367 |   256 |    19 ||   693
   Cast: Vampiric Draining |       |    27 |    67 |    40 |     4 ||   138
         Dispel Undead     |       |       |     3 |       |       ||     3
         Agony             |       |       |     2 |    10 |     1 ||    13
         Animate Dead      |       |       |     4 |    12 |     1 ||    17
         Death Channel     |       |       |     2 |    17 |       ||    19
 Invoke: Unearth Wretches  |       |       |       |     2 |       ||     2
  Evoke: Wand              |     3 |     8 |    10 |     1 |     6 ||    28
         Phial of floods   |       |       |       |     1 |       ||     1
         Phantom mirror    |       |       |       |     1 |       ||     1
    Use: Scroll            |       |     8 |     9 |     4 |     2 ||    23
   Stab: Sleeping          |     1 |       |     6 |     4 |       ||    11
         Distracted        |       |       |     3 |     4 |     1 ||     8
         Paralysed         |       |       |       |     3 |       ||     3
 Armour: Leather armour    |    56 |    50 |   248 |   125 |       ||   479
         Ring mail         |       |       |       |     9 |     8 ||    17
  Dodge: Dodged            |   135 |   118 |   319 |   183 |    15 ||   770
  Block: Other             |       |    27 |   155 |     4 |       ||   186
         Reflection        |       |       |     2 |       |       ||     2

Table legend: (Time is in decaauts)
 A = Elapsed time spent in this place.
 B = Non-inter-level travel time spent in this place.
 C = Inter-level travel time spent in this place.
 D = Time resting spent in this place.
 E = Time spent auto-exploring this place.
 F = Levels seen in this place.
 G = Mean time per level.
                   A        B        C        D        E       F      G
               +--------+--------+--------+--------+--------+-----+--------+
         Total |  14999 |  14567 |    432 |   1253 |   9005 |  16 |  937.4 |
       Dungeon |  10480 |  10149 |    331 |    814 |   6827 |  10 | 1048.0 |
          Lair |   3769 |   3669 |    100 |    328 |   1908 |   4 |  942.2 |
        Bailey |    501 |    501 |      0 |    111 |    119 |   1 |  501.0 |
      Gauntlet |    247 |    247 |      0 |      0 |    150 |   1 |  247.0 |
               +--------+--------+--------+--------+--------+-----+--------+

Top non-repeatable levels by time:
  Lair:2: 1441 daAuts
     D:3: 1397 daAuts
  Lair:3: 1249 daAuts
     D:1: 1204 daAuts
     D:4: 1156 daAuts
     D:8: 1126 daAuts
     D:6: 1066 daAuts
     D:5: 1021 daAuts
    D:10: 1018 daAuts
     D:7: 969 daAuts
     D:2: 913 daAuts
  Lair:1: 805 daAuts
     D:9: 605 daAuts
  Bailey: 501 daAuts
  Lair:4: 273 daAuts
